Map: King Sejong Station LE

Players

IIIIIIIIIIII - Winner!

  • Race: Protoss Protoss
  • League: Master

Miszu

  • Race: Terran Terran
  • League: Grandmaster

VOD

Have the link to the VOD?

Description

Time

  • Played on: May 27, 2016, 2:16 p.m.
  • Length: 16:48
Show
View Real Time Build Order
Export as new Build Order

IIIIIIIIIIII Protoss - Winner!

Build Orders: 1 Gate Expand, Blink Stalkers 

Get SALT Encoding   

  12  0:01  Probe (Chrono Boost)  
  13  0:11  Probe (Chrono Boost)  
  14  0:19  Pylon  
  14  0:22  Probe (Chrono Boost)  
  15  0:37  Probe (Chrono Boost)  
  15  0:38  Gateway  
  15  0:42  Assimilator  
  16  0:48  Probe (Chrono Boost)  
  17  0:58  Probe (Chrono Boost)  
  18  1:09  Probe (Chrono Boost)  
  19  1:18  Nexus  
  19  1:29  Cybernetics Core  
  20  1:32  Probe (Chrono Boost)  
  20  1:37  Assimilator  
  20  1:43  Probe (Chrono Boost)  
  21  1:47  Pylon  
  21  1:53  Probe (Chrono Boost)  
  22  2:05  Stalker  
  22  2:06  Mothership Core (Chrono Boost)  
  26  2:13  Warp Gate  
  26  2:24  Probe (Chrono Boost)  
  27  2:30  Probe (Chrono Boost)  
  27  2:35  Probe (Chrono Boost)  
  27  2:37  Twilight Council  
  29  2:41  Probe (Chrono Boost)  
  30  2:45  Probe (Chrono Boost)  
  32  2:51  Probe (Chrono Boost)  
  32  2:52  Robotics Facility  
  32  2:56  Probe (Chrono Boost)  
  33  3:02  Probe (Chrono Boost)  
  34  3:06  Blink (Chrono Boost)  
  34  3:07  Probe (Chrono Boost)  
  34  3:12  Probe (Chrono Boost)  
  36  3:17  Probe (Chrono Boost)  
  37  3:21  Probe  
  37  3:23  Assimilator  
  38  3:29  Probe  
  38  3:32  Probe  
  38  3:33  Pylon  
  40  3:39  Observer (Chrono Boost)  
  40  3:41  Probe  
  42  3:44  Pylon, Probe  
  43  3:51  Gateway  
  43  3:53  Gateway, Probe  
  44  3:56  Probe  
  44  3:58  Observer (Chrono Boost)  
  46  4:05  Probe (Chrono Boost)  
  46  4:09  Probe (Chrono Boost)  
  48  4:16  Stalker  
  50  4:17  Probe (Chrono Boost)  
  50  4:22  Nexus, Probe (Chrono Boost)  
  52  4:28  Probe (Chrono Boost)  
  52  4:31  Pylon  
  53  4:34  Probe (Chrono Boost)  
  53  4:35  Assimilator  
  54  4:38  Probe (Chrono Boost)  
  55  4:45  Stalker  
  55  4:46  Stalker  
  55  4:47  Stalker  
  55  4:49  Probe (Chrono Boost)  
  55  4:50  Probe (Chrono Boost)  
  63  4:59  Probe (Chrono Boost)  
  64  5:00  Warp Prism  
  64  5:01  Pylon x2  
  64  5:02  Probe (Chrono Boost)  
  67  5:08  Stalker  
  69  5:19  Probe (Chrono Boost)  
  69  5:20  Probe (Chrono Boost)  
  71  5:24  Stalker x2  
  75  5:31  Robotics Bay, Probe (Chrono Boost)  
  75  5:32  Stalker  
  78  5:36  Probe (Chrono Boost)  
  78  5:37  Pylon  
  78  5:38  Probe (Chrono Boost)  
  78  5:41  Probe (Chrono Boost)  
  81  5:47  Probe (Chrono Boost)  
  83  5:50  Probe (Chrono Boost)  
  83  5:53  Stalker x2  
  83  5:55  Probe (Chrono Boost)  
  83  5:56  Pylon  
  88  5:57  Probe (Chrono Boost)  
  88  6:04  Probe (Chrono Boost)  
  90  6:08  Sentry  
  90  6:11  Colossus  
  92  6:17  Probe x2 (Chrono Boost)  
  99  6:18  Extended Thermal Lance (Chrono Boost)  
  99  6:20  Adept, Forge  
  99  6:22  Adept  
  99  6:25  Forge  
  103  6:34  Pylon  
  101  6:48  Gateway  
  101  6:49  Gateway  
  101  6:50  Gateway  
  101  6:52  Sentry  
  101  6:54  Adept x2  
  103  6:56  Protoss Ground Weapons Level 1 (Chrono Boost), Protoss Ground Armor Level 1 (Chrono Boost)  
  103  6:58  Probe x2  
  103  7:00  Assimilator x2  
  107  7:01  Colossus  
  107  7:05  Pylon  
  107  7:06  Pylon  
  109  7:26  Gateway  
  109  7:29  Adept x3, Gateway  
  115  7:30  Gateway  
  115  7:48  Colossus  
  113  7:55  Adept  
  113  7:56  Adept, Charge (Chrono Boost), Stalker  
  125  8:00  Probe  
  120  8:06  Stalker x3  
  120  8:12  Gateway  
  122  8:16  Pylon  
  122  8:18  Pylon  
  122  8:19  Stalker x2, Photon Cannon  
  126  8:20  Pylon  
  126  8:21  Pylon, Stalker  
  126  8:23  Pylon, Probe x3  
  131  8:34  Protoss Ground Armor Level 2 (Chrono Boost)  
  131  8:35  Zealot x2  
  131  8:36  Zealot  
  131  8:38  Templar Archives  
  131  8:39  Pylon  
  137  8:42  Pylon  
  137  8:45  Protoss Ground Weapons Level 2 (Chrono Boost)  
  137  8:47  Warp Prism  
  139  8:52  Zealot  
  139  8:53  Zealot  
  143  9:12  Psionic Storm  
  143  9:16  Nexus  
  143  9:19  Zealot x3  
  143  9:20  Zealot x4  
  157  9:28  Adept  
  159  9:38  High Templar x2  
  163  9:42  Stargate  
  163  9:49  Zealot x3  
  163  9:50  Zealot  
  152  10:19  Zealot x5  
  152  10:20  Zealot x3  
  152  10:33  Nexus  
  152  10:34  Zealot x2  
  142  10:59  Void Ray (Chrono Boost)  
  142  11:01  Fleet Beacon  
  142  11:03  High Templar x2, Pylon  
  150  11:04  Zealot x5  
  150  11:05  High Templar x3  
  148  11:30  Stalker x5  
  146  11:42  Stalker x4  
  146  11:43  Stalker  
  156  11:50  Tempest (Chrono Boost)  
  156  11:51  Probe  
  156  11:52  Probe  
  112  12:18  Stalker x3, Assimilator  
  112  12:19  Zealot, Stalker x6, Assimilator  
  132  12:35  Tempest (Chrono Boost)  
  136  12:39  Stargate  
  132  12:55  Stalker x5  
  118  13:12  Tempest (Chrono Boost), Probe  
  117  13:13  Probe x2  
  117  13:14  Probe  
  117  13:16  High Templar, Stalker x2  
  125  13:25  Probe x2  
  121  13:41  Colossus  
  113  13:50  Tempest (Chrono Boost)  
  113  13:53  Stalker x3  
  123  14:08  High Templar x2  
  125  14:15  Stalker x2  
  127  14:17  Nexus  
  127  14:19  Zealot  
  127  14:20  High Templar  
  131  14:38  Zealot x4  
  139  14:39  High Templar  
  139  14:40  High Templar  
  139  14:42  Warp Prism  
  145  14:50  Stalker x2  
  149  15:00  Probe  
  149  15:01  Probe x2  
  149  15:02  Probe  
  149  15:03  Void Ray (Chrono Boost)  
  157  15:21  Assimilator  
  157  15:24  Assimilator  
  157  15:32  Pylon  
  157  15:33  Stalker x3  
  157  15:35  Archon, Pylon  
  163  15:45  Void Ray x2 (Chrono Boost)  
  170  16:08  High Templar x4, Photon Cannon  
  170  16:10  Photon Cannon  
  178  16:12  Photon Cannon  
  178  16:14  Photon Cannon  
Show
View Real Time Build Order
Export as new Build Order

Miszu Terran 

Build Orders: Reaper Expand, MMM Bio 

Get SALT Encoding   

  12  0:01  SCV  
  13  0:13  SCV  
  14  0:18  Supply Depot  
  14  0:25  SCV  
  15  0:39  SCV  
  15  0:41  Barracks  
  16  0:44  Refinery  
  16  0:51  SCV  
  17  1:03  SCV  
  18  1:15  SCV  
  19  1:28  Reaper, Orbital Command  
  20  1:40  Command Center  
  20  1:50  Supply Depot  
  20  1:53  SCV  
  21  2:05  Barracks Reactor  
  21  2:08  SCV  
  21  2:11  Engineering Bay  
  22  2:16  Barracks  
  22  2:20  SCV  
  23  2:33  SCV  
  24  2:37  Terran Infantry Weapons Level 1  
  24  2:42  Marine x2  
  26  2:47  SCV  
  26  2:53  Orbital Command  
  26  2:59  SCV  
  26  3:00  Marine x2  
  26  3:02  Refinery  
  26  3:04  Barracks Tech Lab  
  29  3:11  SCV  
  30  3:17  Marine  
  30  3:18  Marine  
  30  3:19  SCV  
  33  3:22  Marine  
  33  3:23  SCV, Stimpack  
  35  3:30  Supply Depot  
  35  3:31  SCV  
  36  3:35  Marine x2, SCV  
  39  3:41  Factory  
  39  3:43  Barracks  
  39  3:45  SCV  
  39  3:48  SCV  
  41  3:51  Refinery  
  41  3:54  Supply Depot  
  41  3:58  SCV  
  41  4:01  Marauder  
  44  4:03  Marine  
  44  4:04  Marine  
  44  4:06  SCV  
  47  4:10  SCV  
  48  4:17  Supply Depot  
  48  4:18  SCV  
  48  4:22  Marine, SCV  
  48  4:23  Marine, Marauder  
  54  4:29  Starport  
  54  4:30  Factory Reactor  
  54  4:33  SCV  
  54  4:35  Marine  
  54  4:38  Terran Infantry Armor Level 1  
  56  4:41  SCV  
  56  4:45  Supply Depot, SCV  
  58  4:49  Marauder  
  60  4:54  SCV  
  60  4:57  Marine, SCV  
  60  4:58  Marine x2  
  65  5:06  SCV  
  66  5:08  Supply Depot  
  66  5:09  SCV  
  67  5:16  Medivac x2, Factory Reactor  
  67  5:18  SCV  
  72  5:21  SCV  
  72  5:23  Supply Depot  
  72  5:27  Command Center  
  73  5:30  SCV  
  73  5:32  Refinery  
  73  5:34  SCV  
  73  5:35  Combat Shields  
  75  5:40  Marauder  
  75  5:42  Marine x2  
  77  5:44  Barracks Tech Lab  
  77  5:45  SCV  
  77  5:46  Supply Depot, SCV  
  81  5:50  Medivac x2  
  85  5:57  SCV  
  85  6:01  Supply Depot  
  83  6:05  SCV  
  83  6:07  Marauder  
  86  6:15  Marine  
  86  6:16  Marine, Marauder  
  90  6:20  Medivac x2, Widow Mine x2  
  90  6:22  Barracks  
  90  6:23  Barracks  
  99  6:25  Supply Depot, SCV x2  
  99  6:31  Concussive Shells  
  100  6:37  Liberator x2  
  98  6:49  Supply Depot, Marine x2  
  98  6:50  Orbital Command  
  100  6:59  Armory  
  106  7:06  Marine  
  106  7:07  Marine  
  110  7:09  Marine  
  110  7:14  SCV x2  
  112  7:19  SCV  
  112  7:20  Supply Depot  
  113  7:26  SCV x2  
  113  7:30  Starport  
  113  7:31  Fusion Core  
  113  7:32  SCV  
  113  7:33  Refinery  
  113  7:35  Refinery  
  114  7:38  Barracks Tech Lab, SCV x2  
  115  7:57  Liberator x2  
  114  8:00  SCV  
  114  8:10  SCV x2  
  116  8:12  SCV  
  116  8:15  Starport Tech Lab  
  116  8:17  Marine  
  116  8:18  Marine x3, Marauder x2  
  130  8:22  SCV, Terran Infantry Weapons Level 2  
  130  8:24  SCV  
  130  8:25  SCV, Liberator  
  133  8:30  Bunker, Supply Depot  
  133  8:34  SCV  
  133  8:36  Supply Depot, SCV  
  133  8:37  SCV  
  133  8:40  Liberator  
  136  8:42  Advanced Ballistics  
  136  8:45  Marine x4  
  136  8:46  SCV  
  144  8:53  Liberator  
  144  8:58  Marauder x2, Missile Turret  
  144  9:00  Supply Depot  
  144  9:02  Supply Depot, Marine  
  151  9:08  Liberator  
  152  9:14  Command Center  
  155  9:21  Barracks Reactor  
  155  9:23  Liberator  
  154  9:28  Marine, Marauder x3  
  164  9:37  Marine  
  165  9:42  Missile Turret  
  165  9:44  Missile Turret  
  168  9:47  Missile Turret  
  168  9:49  Marauder  
  170  10:06  Liberator x2  
  170  10:09  Missile Turret  
  166  10:15  Liberator  
  147  10:37  Marine, Marauder  
  147  10:38  Marine x5  
  155  10:43  Barracks  
  155  10:44  Barracks  
  155  10:45  Barracks  
  155  10:48  Liberator  
  155  10:49  Liberator  
  153  10:55  Marine  
  153  10:56  Marauder x2  
  155  10:57  Liberator  
  155  10:59  Marine x3, Marauder  
  155  11:00  Terran Infantry Weapons Level 3  
  166  11:13  Marine  
  162  11:30  Marine  
  162  11:31  Marauder, Liberator  
  162  11:32  Marine, Marauder, Liberator  
  162  11:33  Marauder  
  162  11:40  Liberator  
  162  11:44  Marine x2  
  164  11:47  Barracks Tech Lab  
  164  11:48  Barracks Reactor, Marine, Barracks Tech Lab  
  164  11:52  Marauder  
  164  11:53  Marauder  
  175  11:57  Marine, Marauder  
  159  12:10  Marine, Marauder  
  159  12:11  Marine x2, Marauder  
  159  12:13  Marauder  
  159  12:14  Marine, SCV  
  159  12:15  Marine  
  150  12:18  Marine  
  151  12:23  Liberator  
  151  12:25  Planetary Fortress  
  151  12:28  Marine  
  152  12:31  Medivac x2  
  152  12:36  Marine x8  
  152  12:37  Marine x2  
  167  12:46  Marine  
  165  12:54  Marine x6  
  165  12:55  Marauder  
  169  13:01  Viking  
  136  13:06  Marine x2, Marauder x2  
  136  13:11  Marine  
  136  13:12  Viking, Marine x5  
  123  13:16  Marine  
  121  13:23  Viking  
  121  13:24  Marine x2  
  121  13:27  Marine x2  
  125  13:29  Marine  
  125  13:30  Marine x3, Marauder  
  127  13:34  Marauder  
Tags
 
Add a new tag
Caveats
  • Supply blocks, unpowered buildings, or Contaminate may cause inaccurate times.
  • Supply counts are checked every 10 seconds.